AoeStats
← Landlord of Lead

Four Lakes

509267850Analyzed
1v1 RM · 4d ago on Sep 26, 2026· 50m 55s· 2 players
Game mode
Random Map
Map size
Tiny (2 player)
Population
200
Speed
Normal
Resources
Standard
Victory
Conquest
Starting age
Dark Age
Ending age
Imperial Age
RankedLock teamsTeams togetherTeam positionsShared explorationLock speedFull tech treeHidden civsTurbo modeCheats
Victory
Defeat
🇺🇸 Lithuanians · United States
591
+12
🇺🇸 Vikings · United States
507
-12
Landlord of Lead
3:44 Loom
10:31 Feudal Age
11:22 Double-Bit Axe
11:55 Man-at-Arms
15:24 Horse Collar
19:41 Fishing Lines
25:06 Castle Age
24:53 Stone Mining
25:19 Gold Mining
26:48 Gold Shaft Mining
26:12 Gillnets
27:12 Bow Saw
30:32 Chieftains
34:36 Scale Mail Armor
34:48 Forging
34:30 Fletching
34:08 Elite Skirmisher
40:26 Murder Holes
40:44 Masonry
40:56 Ballistics
43:35 Imperial Age
43:39 Bodkin Arrow
44:44 Iron Casting
44:28 Chain Mail Armor
44:36 Bracer
45:24 Iron Casting
47:56 Pikeman
50:46 Treadmill Crane
Rogan
10:52 Feudal Age
11:22 Loom
11:45 Double-Bit Axe
13:16 Horse Collar
18:51 Castle Age
17:55 Forging
18:54 Scale Mail Armor
18:45 Fletching
19:52 Scale Barding Armor
21:11 Iron Casting
21:35 Wheelbarrow
21:00 Man-at-Arms
22:23 Long Swordsman
23:08 Padded Archer Armor
23:13 Husbandry
23:49 Fishing Lines
24:13 Heavy Plow
24:49 Crossbowman
25:50 Light Cavalry
27:01 Bow Saw
27:39 Town Watch
28:28 Bloodlines
30:28 Hand Cart
30:59 Squires
31:36 Gold Mining
32:11 Pikeman
33:43 Leather Archer Armor
34:43 Thumb Ring
40:08 Murder Holes
41:09 Chain Barding Armor
44:10 Imperial Age
46:40 Conscription
48:29 Ballistics
50:43 Winged Hussar
Connection lost

Rejoining the realm…

Still unreachable

The connection could not be restored.

Session expired

The server has moved on; the page needs a fresh start.